 Dungeon Crawl Stone Soup version 0.31.0-11-ge490571c62 (webtiles) character file.

Game seed: 12615832505120997768

66 NotreDorf the Magician (level 3, 0/19 HPs)
             Began as a Deep Elf Hedge Wizard on Feb 4, 2024.
             Slain by a ribbon worm (2 damage)
             ... on level 2 of the Dungeon.
             The game lasted 00:07:16 (1868 turns).

NotreDorf the Magician (Deep Elf Hedge Wizard)      Turns: 1868, Time: 00:07:16

Health: 0/19       AC:  2    Str:  7    XL:     3   Next: 96%
Magic:  0/11       EV: 13    Int: 20    God:
Gold:   106        SH:  0    Dex: 14    Spells: 6/12 levels left

rFire   . . .        a - +0 dagger
rCold   . . .        (no shield)
rNeg    . . .        b - +0 robe
rPois   .            c - +0 hat
rElec   .            (no cloak)
rCorr   .            (no gloves)
SInv    .            (no boots)
Will    .....        (no amulet)
Stlth   ++           (no ring)
HPRegen 0.23/turn    (no ring)
MPRegen 0.12/turn

%: no passive effects
@: no status effects
A: no striking features
a: no special abilities


You were on level 2 of the Dungeon.
You visited 1 branch of the dungeon, and saw 2 of its levels.

You collected 106 gold pieces.

Inventory:

Hand Weapons
 a - a +0 dagger (weapon)
Armour
 b - a +0 robe (worn)
 c - a +0 hat (worn)
Jewellery
 g - a ring of ice
Scrolls
 e - 3 scrolls of teleportation {unknown}
 f - a scroll of identify {unknown}
Potions
 d - 2 potions of magic
 h - a potion of attraction {unknown}
 i - a potion of haste {unknown}


   Skills:
 + Level 3.3 Dodging
 - Level 3.0 Stealth
 + Level 5.1 Spellcasting
 + Level 2.2 Conjurations
 - Level 1.1 Summonings
 - Level 1.1 Translocations
 + Level 1.0 Alchemy


You had 6 spell levels left.
You knew the following spells:

 Your Spells              Type           Power      Damage    Failure   Level
a - Magic Dart            Conj           56%        1d5       4%          1
b - Blink                 Tloc           18%        N/A       11%         2
c - Mephitic Cloud        Conj/Alch/Air  9%         N/A       22%         3

Your spell library contained the following spells:

 Spells                   Type           Power      Damage    Failure   Level
 Call Imp                 Summ           18%        N/A       11%         2
 Slow                     Hex            20%        N/A       12%         1
 Cigotuvi's Dreadful Rot  Necr/Alch/Air  12%        N/A       16%         2


Dungeon Overview and Level Annotations

Branches:
Dungeon (2/15)

Altars:

Shops:
D:1 (


Message History

The ribbon worm bites you.
You hit the ribbon worm but do no damage.
The ribbon worm is heavily wounded.
The ribbon worm misses you.
You hit the ribbon worm.
The ribbon worm is severely wounded.
You hit the ribbon worm.
The ribbon worm is severely wounded.
The ribbon worm expels a string of sticky webbing.
The stream of webbing hits you but does no damage.
You are caught in a web!
You struggle to detach yourself from the web.
The ribbon worm barely misses you.
Casting: Magic Dart (safe; 4% risk of failure)
Confirm with . or Enter, or press ? or * to list all spells.
Aiming: Magic Dart (safe; 4% risk of failure)
Press: ? - help, Shift-Dir - straight line, f/p - ribbon worm
Aim: a ribbon worm (severely wounded, 100% to hit)
The magic dart hits the ribbon worm.
The ribbon worm is severely wounded.
The ribbon worm expels a string of sticky webbing.
The stream of webbing hits you but does no damage.
You are even more entangled.
The web tears apart.
The ribbon worm expels a string of sticky webbing.
The stream of webbing misses you.
You hit the ribbon worm.
The ribbon worm is almost dead.
You hit the ribbon worm.
The ribbon worm is almost dead.
The ribbon worm bites you!
* * * LOW HITPOINT WARNING * * *
You hit the ribbon worm but do no damage.
The ribbon worm is almost dead.
The ribbon worm bites you.
* * * LOW HITPOINT WARNING * * *
You completely miss the ribbon worm.
The ribbon worm is severely wounded.
The ribbon worm bites you.
You die...

#.#...........#
.....#######.## .......
#.########### .......##
#............
........########.#######
..............##.##
.......######.##..#
....... #.##..## ....†..
#).w@..######## .......
####..>........ ....?..
.......######### ..###.#
#......# .# .. #.....)#
#......# #......#
#......# #......


You could see a ribbon worm.

Vanquished Creatures
  2 adders (D:2)
  2 dart slugs (D:1)
  8 ball pythons
  3 bats
  3 endoplasms
  A giant cockroach (D:1)
  6 goblins
  3 hobgoblins
  3 quokkas
  2 frilled lizards (D:2)
  5 kobolds
  2 rats
40 creatures vanquished.

Notes
Turn   | Place    | Note
-------+----------+-------------------------------------------
     0 | D:1      | NotreDorf the Deep Elf Hedge Wizard began the quest for the
                  | Orb.
     0 | D:1      | Reached XP level 1. HP: 10/10 MP: 7/7
   256 | D:1      | Reached XP level 2. HP: 15/15 MP: 0/9
   259 | D:1      | Learned a level 2 spell: Blink
   663 | D:1      | Found Xufap's Antique Weapon Emporium.
  1065 | D:1      | Reached XP level 3. HP: 19/19 MP: 7/11
  1069 | D:1      | Learned a level 3 spell: Mephitic Cloud
  1665 | D:2      | Reached skill level 5 in Spellcasting
  1826 | D:2      | Reached skill level 1 in Alchemy
  1868 | D:2      | Slain by a ribbon worm

Illustrated notes

Levels and vault maps discovered:
D:1:      amcnicky_arrival_choice, layout_basic, serial_shops, shop,
          minmay_crystal_room
D:2:      layout_basic, shapermc_ecumenical_altar_mp_vishouse

Skill      XL: |  1  2  3 |
---------------+----------+-----
Stealth        | 3 |  3.0
Dodging        | 3 |  3.3
Conjurations   | 2 |  2.2
Spellcasting   | 5 |  5.1
Alchemy        | 1 |  1.0
Summonings     | |  1.1
Translocations | |  1.1

Action                     || total
---------------------------++-------
  Melee: Dagger            ||    17
   Cast: Magic Dart        ||   118
 Armour: Robe              ||    17
  Dodge: Dodged            ||    24
